 Dungeon Sprint DCSS version 0.25-a0-413-g3b4b6a4 (webtiles) character file.

Game seed: 7601435505466349082, levelgen mode: deterministic

5 Krakonus1 the Covert (level 1, -2/10 HPs)
             Began as a Spriggan Assassin on Jan 16, 2020.
             Killed by nerve-wracking pain
             ... invoked by a shadow imp
              (6 damage)
             ... in the Dungeon (Sprint IX: "|||||||||||||||||||||||||||||").
             The game lasted 00:01:02 (123 turns).

Krakonus1 the Covert (Spriggan Assassin)             Turns: 123, Time: 00:01:02

Health: -2/10      AC:  3    Str:  7    XL:     1   Next: 66%
Magic:  2/2        EV: 17    Int: 12    God:
Gold:   0          SH:  0    Dex: 17    Spells: 0/0 levels left

rFire    . . .     SeeInvis +   a - +2 dagger
rCold    . . .     Gourm    .   (shield restricted)
rNeg     . . .     Faith    .   b - +0 robe
rPois    .         Spirit   .   (helmet restricted)
rElec    .         Reflect  .   c - +0 cloak
rCorr    .         Harm     .   (gloves unavailable)
MR       .....     NoTele   +   (boots unavailable)
Stlth    ++++......             (no amulet)
HPRegen  0.03/turn              (no ring)
MPRegen  0.08/turn              (no ring)

@: very quick
A: very small, unfitting armour, see invisible, herbivore, speed 3, slow
metabolism 2
a: no special abilities


You were in the Dungeon.
You were not hungry.

You visited 1 branch

Inventory:

Hand Weapons
 a - a +2 dagger (weapon)
Missiles
 d - 8 poisoned darts (quivered)
 e - 2 curare-tipped darts
Armour
 b - a +0 robe (worn)
 c - a +0 cloak (worn)
Scrolls
 l - a scroll of blinking
Potions
 g - a potion of curing
 h - a potion of heal wounds
 i - a potion of haste
 j - 2 potions of magic
 k - a potion of berserk rage
Comestibles
 f - a ration


   Skills:
 - Level 1.5 Fighting
 - Level 2.1 Short Blades
 - Level 2.0 Throwing
 - Level 1.5 Dodging
 * Level 8.1 Stealth


You couldn't memorise any spells.
You didn't know any spells.
Your spell library was empty.

Dungeon Overview and Level Annotations

Branches:
Dungeon (1/1)

Altars:


Innate Abilities, Weirdness & Mutations

You are very small and have problems with some larger weapons.
You are too small for most types of armour.
You have supernaturally acute eyesight. (SInv)
You are a herbivore.
You cover ground extremely quickly.
You need to consume almost no food.


Message History

The shadow imp hits you.
You closely miss the shadow imp.
The shadow imp is moderately wounded.
The shadow imp misses you.
You hit the shadow imp.
The shadow imp is heavily wounded.
The shadow imp closely misses you.
You barely miss the shadow imp.
The shadow imp is heavily wounded.
The shadow imp shouts!
You hit the shadow imp.
The shadow imp is almost dead.
The shadow imp hits you but does no damage.
You hit the shadow imp.
The shadow imp is almost dead.
The shadow imp shouts, "Out, out, thou venomed roguish blabberskite!"
The shadow imp gestures at you. Pain shoots through your body!
Ouch! That really hurt!
You die... ▓▓▓▓▓▓▓▓▓▓▓▓▓▓▓▓▓▓ ▓<(..'.))..@5Z5Z.+ ▓▓▓▓▓▓▓▓▓▓▓▓▓▓▓▓▓▓

You could see 2 shadow imps and 2 adder skeletons.

Vanquished Creatures
  2 bats (D)
  A jackal (D)
  2 kobolds (D)
  A leopard gecko skeleton (D)
6 creatures vanquished.

Notes
Turn   | Place    | Note
-------+----------+-------------------------------------------
     0 | D        | Krakonus1 the Spriggan Assassin began the quest for the
                  | Orb.
     0 | D        | Reached XP level 1. HP: 10/10 MP: 2/2
     5 | D        | Reached skill level 6 in Stealth
    13 | D        | Reached skill level 7 in Stealth
   110 | D        | Reached skill level 8 in Stealth
   123 | D        | Killed from afar by a shadow imp

Levels and vault maps discovered:
D:        linesprint [early_d, line_temple, items_1, d_10, items_2, lair_1,
          lair_end, items_3, orc_1, orc_end, items_4, d_15, swamp_1, shoals_1,
          snake_1, spider_1, d_20, vaults_1, items_5, swamp_end, shoals_end,
          snake_end, spider_end, vaults_end, d_27, items_6, zot_1, zot_end,
          crypt_end, forest_end, elf_end, slime_end, tomb_end, abyss_end,
          pan_hell_end]

Skill      XL: |  1 |
---------------+----+-----
Stealth        | 8 |  8.1
Fighting       | |  1.5
Short Blades   | |  2.1
Throwing       | |  2.0
Dodging        | |  1.5

Action                   || total
-------------------------++-------
Melee: Dagger            ||    31
 Stab: Sleeping          ||     2
Armor: Robe              ||     3
Dodge: Dodged            ||    19

Table legend:
 A = Non-vault XP
 B = Vault XP
 C = Vault XP percentage of total XP
 D = Non-vault monster count
 E = Vault monster count
 F = Vault count percentage of total count
                 A         B        C        D         E       F
            +---------+---------+-------+---------+---------+-------
      Total |       0 |       8 | 100.0 |       0 |       6 | 100.0
            +---------+---------+-------+---------+---------+-------
          D |       0 |       8 | 100.0 |       0 |       6 | 100.0
            +---------+---------+-------+---------+---------+-------
